 Dungeon Crawl Stone Soup version 0.18.1-1-g2f07953 (webtiles) character file.

6098 Eucla the Impaler (level 10, -4/94 HPs)
             Began as a Merfolk Berserker on May 8, 2016.
             Was an Elder of Trog.
             Slain by a vampire mosquito (9 damage)
             ... on level 11 of the Dungeon.
             The game lasted 00:13:54 (8240 turns).

Eucla the Impaler (Merfolk Berserker)               Turns: 8240, Time: 00:13:54

Health: -4/94      AC: 11    Str: 22    XL:     10   Next: 88%
Magic:  10/10      EV: 13    Int:  9    God:    Trog [****..]
Gold:   77         SH:  0    Dex: 17    Spells: 0 memorised, 9 levels left

rFire  + . .     SeeInvis .     E - +2 spear (freeze)
rCold  . . .     Gourm    .     l - +4 scale mail
rNeg   . . .     Faith    .     (no shield)
rPois  .         Spirit   .     (helmet restricted)
rElec  .         Dismiss  .     v - +0 cloak
rCorr  .         Reflect  .     (no gloves)
SustAt .         Harm     .     (no boots)
MR     .....                    C - amulet of rage
Stlth  ..........               J - +5 ring of strength
                                s - +2 ring of evasion

@: not resistant to hostile enchantments, extremely unstealthy
A: change form in water, swift swim, antennae 1, clever 1, fire resistance 1,
robust 1
a: Berserk, Trog's Hand, Brothers in Arms, Burn Spellbooks, Renounce Religion,
Evoke Berserk Rage


You were on level 11 of the Dungeon.
You worshipped Trog.
Trog was greatly pleased with you.
You were hungry.

You visited 1 branch of the dungeon, and saw 9 of its levels.
You also visited: Ossuary.

You collected 451 gold pieces.
You spent 374 gold pieces at shops.

Inventory:

Hand Weapons
 a - a +0 spear
 x - a +0 trident
 E - a +2 spear of freezing (weapon)
 O - a +0 scythe of protection
Missiles
 D - 5 poisoned javelins (quivered)
Armour
 b - a +0 animal skin
 l - a +4 scale mail (worn)
 v - a +0 cloak (worn)
 w - a +0 cloak
Jewellery
 s - a +2 ring of evasion (left hand)
 A - an uncursed ring of resist corrosion
 C - an amulet of rage (around neck)
 G - an uncursed ring of ice
 J - a +5 ring of strength (right hand)
 M - a +3 ring of intelligence
 N - an uncursed ring of fire
 Q - a +1 ring of evasion
Wands
 r - a wand of paralysis (14/24)
Scrolls
 e - 13 scrolls of identify
 h - 10 scrolls of enchant weapon
 i - 5 scrolls of remove curse
 j - a scroll of enchant armour
 q - a scroll of fear
 y - a scroll of holy word {unknown}
 B - a scroll of amnesia
 F - a scroll of magic mapping
Potions
 d - 4 potions of haste
 f - 2 potions of agility
 g - 2 potions of heal wounds
 k - a potion of might
 m - a potion of curing
 n - a potion of invisibility {unknown}
 o - 2 potions of mutation
 p - 3 potions of resistance
 t - 2 potions of brilliance
 u - a potion of cancellation
 H - a potion of flight
 I - a potion of berserk rage {unknown}
 K - a potion of cure mutation
 L - 2 potions of degeneration {unknown}
Books
 c - a book of Ice

   Spells                             Type                      Level
   a - Ice Form                       Ice/Transmutation            4
   b - Metabolic Englaciation         Hexes/Ice                    5
   c - Ozocubu's Refrigeration        Ice                          6
   d - Bolt of Cold                   Conjuration/Ice              6
   e - Freezing Cloud                 Conjuration/Ice/Air          6
   f - Simulacrum                     Ice/Necromancy               6
   Trog disapproves of the use of such an item.
Comestibles
 z - 8 slices of pizza
 P - 2 bread rations
 R - 5 fruits
 S - 2 chunks of flesh


   Skills:
 + Level 10.5 Fighting
 * Level 17.6 Polearms
 - Level 1.3 Armour
 - Level 2.6 Dodging


You had 9 spell levels left.
You didn't know any spells.

Dungeon Overview and Level Annotations

Branches:
Dungeon (8/15)             Temple (0/1) D:7
   Lair: D:8-11

Altars:
Cheibriados
Dithmenos
Elyvilon
Fedhas
Gozag
Kikubaaqudgha
Makhleb
Pakellas
Ru
Sif Muna
Trog
The Shining One

Shops:
D:7 *


Innate Abilities, Weirdness & Mutations

You revert to your normal form in water.
You are very nimble and swift while swimming.
You have a pair of small antennae on your head.
Your mind is acute. (Int +2)
Your flesh is heat resistant.
You are robust (+10% HP).


Message History

The vampire mosquito buzzes angrily.
Your ogre barely misses the vampire mosquito.
Unknown command.
You hit the vampire mosquito. You freeze the vampire mosquito.
The vampire mosquito is moderately damaged.
The vampire mosquito bites you.
* * * LOW HITPOINT WARNING * * *
The vampire mosquito draws strength from your injuries!
Unknown command.
You hit the vampire mosquito. You freeze the vampire mosquito.
The vampire mosquito is heavily damaged.
The vampire mosquito bites you!
* * * LOW HITPOINT WARNING * * *
The vampire mosquito draws strength from your injuries!
Your ogre closely misses the vampire mosquito.
Unknown command.
You puncture the vampire mosquito! You freeze the vampire mosquito.
The vampire mosquito is severely damaged.
The vampire mosquito bites you!
You die...

..............#....#.....#
..............#....##.(...
.........(....#....+..(...
.........(....#....##.#...
..........#####....##.#...
..........# #....##.....
.......)..+ ##########.>
..........# ##.
.......Oy@# #+ ......#####
....<. ...... ...... .....
....


You could see a vampire mosquito and a friendly ogre (berserk).

Vanquished Creatures
  Sonja (D:11)
  Pikel (D:4)
  A hill giant (D:11)
  Grinder (D:4)
  Edmund (D:6)
  Menkaure (D:4)
  4 water moccasins
  Duvessa (D:6)
  3 orc warriors
  A black bear (D:7)
  A slave (D:4)
  A sky beast (D:4)
  3 ogres
  9 centaurs
  2 giant frogs
  Blork the orc (D:6)
  A gnoll sergeant (D:6)
  Dowan (D:6)
  12 scorpions
  A wyvern skeleton (D:7)
  2 crimson imps
  A centaur zombie (Ossuary)
  2 giant frog zombies
  2 human zombies (Ossuary)
  2 quasits
  3 orc priests
  4 hounds
  2 jellies (D:5)
  Crazy Yiuf (D:3)
  2 giant frog skeletons
  A centaur skeleton (D:4)
  4 orc wizards
  Natasha (D:4)
  3 iguanas
  A worker ant (D:7)
  A big kobold zombie (Ossuary)
  A hound zombie (D:7)
  2 hound skeletons
  3 mummies (Ossuary)
  A worker ant zombie (D:5)
  6 gnolls
  A scorpion zombie (Ossuary)
  7 adders
  4 shadow imps
  An ooze (D:3)
  An adder skeleton (D:7)
  4 worms
  A dart slug (D:2)
  A giant gecko (D:2)
  30 orcs
  8 giant cockroaches
  9 goblins
  5 hobgoblins
  21 jackals
  A quokka (D:4)
  4 ball pythons
  7 bats
  A giant cockroach zombie (D:5)
  3 giant newts
  4 hobgoblin zombies (Ossuary)
  6 kobolds
  5 kobold zombies (Ossuary)
  An orc zombie (Ossuary)
  9 rats
  A rat zombie (D:8)
227 creatures vanquished.

Vanquished Creatures (others)
  A worm (D:4)
1 creature vanquished.

Grand Total: 228 creatures vanquished

Notes
Turn   | Place    | Note
--------------------------------------------------------------
     0 | D:1      | Eucla the Merfolk Berserker began the quest for the Orb.
     0 | D:1      | Reached XP level 1. HP: 18/18 MP: 1/1
   275 | D:1      | Reached skill level 5 in Polearms
   301 | D:1      | Reached XP level 2. HP: 24/24 MP: 2/2
   865 | D:2      | Reached XP level 3. HP: 24/29 MP: 3/3
   965 | D:2      | Reached skill level 6 in Polearms
   968 | D:2      | Reached ** piety under Trog
  1364 | D:2      | Reached XP level 4. HP: 25/37 MP: 4/4
  1592 | D:3      | Found a burning altar of Makhleb.
  1796 | D:3      | Noticed Crazy Yiuf
  1811 | D:3      | Killed Crazy Yiuf
  1811 | D:3      | Reached skill level 7 in Polearms
  1944 | D:3      | Reached XP level 5. HP: 40/42 MP: 5/5
  2142 | D:3      | Noticed a centaur
  2148 | D:3      | HP: 1/42 [centaur (6)]
  2153 | D:3      | Killed a centaur
  2153 | D:3      | Reached skill level 8 in Polearms
  2417 | D:3      | Found a bloodstained altar of Trog.
  2490 | D:3      | Reached XP level 6. HP: 42/49 MP: 6/6
  2534 | D:4      | Noticed Menkaure
  2544 | D:4      | Killed Menkaure
  2544 | D:4      | Reached skill level 9 in Polearms
  2626 | D:4      | Noticed Grinder
  2643 | D:4      | Killed Grinder
  2643 | D:4      | Reached skill level 5 in Fighting
  2643 | D:4      | Reached skill level 10 in Polearms
  2643 | D:4      | Reached XP level 7. HP: 56/56 MP: 7/7
  2690 | D:4      | Found a sacrificial altar of Ru.
  2774 | D:4      | Reached *** piety under Trog
  2919 | D:4      | Noticed Pikel
  2935 | D:4      | Killed Pikel
  2935 | D:4      | Reached skill level 12 in Polearms
  2935 | D:4      | Reached XP level 8. HP: 21/65 MP: 8/8
  3168 | D:4      | Found an ancient bone altar of Kikubaaqudgha.
  3199 | D:4      | Found a snail-covered altar of Cheibriados.
  3285 | D:4      | Found a deep blue altar of Sif Muna.
  3347 | D:4      | Noticed Natasha
  3356 | D:4      | Killed Natasha
  3609 | D:4      | Found a blossoming altar of Fedhas.
  3636 | D:5      | Entered Level 5 of the Dungeon
  3997 | D:5      | Received a gift from Trog
  4158 | D:5      | Reached skill level 13 in Polearms
  4342 | D:5      | Reached XP level 9. HP: 51/73 MP: 9/9
  4596 | D:6      | Found an opulent altar of Gozag.
  4851 | D:6      | Reached skill level 14 in Polearms
  5382 | D:6      | Noticed Duvessa
  5383 | D:6      | Noticed Dowan
  5393 | D:6      | Killed Duvessa
  5393 | D:6      | Reached **** piety under Trog
  5401 | D:6      | Killed Dowan
  5490 | D:6      | Noticed Blork the orc
  5503 | D:6      | Killed Blork the orc
  5516 | D:6      | Noticed Edmund
  5777 | D:6      | Found a shadowy altar of Dithmenos.
  5801 | D:6      | Killed Edmund
  6007 | D:7      | Reached skill level 15 in Polearms
  6187 | D:7      | Found an oddly glowing altar of Pakellas.
  6281 | D:7      | Found Ytuqoal's Assorted Antiques.
  6302 | D:7      | Bought 3 scrolls labeled MITYEFO PADA for 102 gold pieces
  6302 | D:7      | Bought a scroll labeled KIF SOBUGRIDUF for 34 gold pieces
  6302 | D:7      | Bought a glowing scythe for 102 gold pieces
  6302 | D:7      | Bought a scroll labeled MITYEFO PADA for 34 gold pieces
  6302 | D:7      | Bought 3 scrolls labeled MITYEFO PADA for 102 gold pieces
  6306 | D:7      | Found a staircase to the Ecumenical Temple.
  6610 | D:7      | Found a white marble altar of Elyvilon.
  6653 | D:7      | Reached XP level 10. HP: 49/83 MP: 10/10
  6693 | D:7      | Gained mutation: You are robust (+10% HP). [potion of mutation]
  6693 | D:7      | Gained mutation: Your mind is acute. (Int +2) [potion of mutation]
  6693 | D:7      | Gained mutation: Your flesh is heat resistant. [potion of mutation]
  6708 | D:7      | Gained mutation: You have a pair of small antennae on your head. [potion of beneficial mutation]
  6946 | D:8      | Reached skill level 16 in Polearms
  7017 | D:8      | Found a sand-covered staircase.
  7026 | Ossuary  | Entered an ossuary
  7989 | D:8      | Found a glowing golden altar of the Shining One.
  7991 | D:8      | You fall through a shaft for 3 floors!
  8038 | D:11     | Reached skill level 10 in Fighting
  8149 | D:11     | Noticed a hill giant
  8153 | D:11     | Noticed Sonja
  8156 | D:11     | Killed a hill giant
  8156 | D:11     | Reached skill level 17 in Polearms
  8168 | D:11     | Killed Sonja
  8189 | D:11     | Reached ***** piety under Trog
  8239 | D:11     | HP: 4/94 [vampire mosquito (7)]
  8240 | D:11     | Slain by a vampire mosquito

Skill      XL: |  1  2  3  4  5  6  7  8  9 10 |
---------------+-------------------------------+-----
Polearms       | 5 6 7 8 10 12 13 15 17 | 17.6
Fighting       | 4 5 6 7 9 10 | 10.5
Armour         | |  1.3
Dodging        | |  2.6

Action                   |  1- 3 |  4- 6 |  7- 9 | 10-12 || total
-------------------------+-------+-------+-------+-------++-------
Melee: Spear             |   173 |   111 |   234 |    59 ||   577
       Trident           |       |    27 |   248 |       ||   275
       Scythe            |       |       |    25 |   171 ||   196
Invok: Berserk           |       |     3 |     5 |     2 ||    10
       Trog's Hand       |       |     2 |     2 |     3 ||     7
       Burn Spellbooks   |       |       |     1 |       ||     1
       Brothers in Arms  |       |       |       |     1 ||     1
  Use: Potion            |       |     3 |     3 |     8 ||    14
       Scroll            |       |       |       |    17 ||    17
 Stab: Invisible         |       |     1 |       |       ||     1
       Paralysed         |       |       |     1 |       ||     1
  Eat: Chunk             |     1 |     5 |     8 |     3 ||    17
       Bread ration      |       |     1 |     2 |       ||     3
       Meat ration       |       |       |       |     1 ||     1
Armor: Animal skin       |    12 |       |       |       ||    12
       Scale mail        |    56 |    40 |   153 |   137 ||   386
       Skin              |       |       |       |    15 ||    15
Dodge: Dodged            |    75 |    48 |   219 |   167 ||   509
